 Dungeon Crawl Stone Soup version 0.18-a0-1514-g6ed9364 (webtiles) character file.

2107 Kilingo the Skirmisher (level 9, -1/93 HPs)
             Began as an Ogre Berserker on Mar 6, 2016.
             Was an Elder of Trog.
             Slain by a killer bee (2 damage)
             ... on level 5 of the Dungeon on Mar 7, 2016.
             The game lasted 01:14:42 (7242 turns).

Kilingo the Skirmisher (Ogre Berserker)             Turns: 7242, Time: 01:14:44

Health: -1/93      AC:  3    Str: 28    XL:     9   Next: 28%
Magic:  0/18       EV: 13    Int:  6    God:    Trog [****..]
Gold:   253        SH:  0    Dex: 12    Spells: 0 memorised, 8 levels left

rFire  . . .     SeeInvis .     A - +0 giant spiked club
rCold  . . .     Gourm    .     w - +0 robe {MR+}
rNeg   . . .     Faith    .     (shield currently unavailable)
rPois  .         Spirit   +     (helmet restricted)
rElec  .         Dismiss  .     (no cloak)
rCorr  .         Reflect  .     (gloves unavailable)
SustAt .         Harm     .     (boots unavailable)
MR     +....                    B - amulet of guardian spirit
Stlth  +.........               s - ring of magical power
                                g - +4 ring of strength

@: lethally poisoned (-1 -> -16), somewhat resistant to hostile enchantments,
very unstealthy
A: unfitting armour, tough skin 1
a: Berserk, Trog's Hand, Brothers in Arms, Burn Spellbooks, Renounce Religion


You were on level 5 of the Dungeon.
You worshipped Trog.
Trog was greatly pleased with you.
You were not hungry.

You visited 1 branch of the dungeon, and saw 7 of its levels.

You collected 253 gold pieces.

Inventory:

Hand Weapons
 v - a +0 morningstar
 A - a +0 giant spiked club (weapon)
Missiles
 k - 141 stones (quivered)
 x - 5 tomahawks
 y - 8 large rocks
Armour
 w - a +0 robe of magic resistance (worn)
Jewellery
 g - a +4 ring of strength (left hand)
 l - an uncursed amulet of dismissal
 s - a ring of magical power (right hand)
 u - an uncursed amulet of the gourmand
 B - an amulet of guardian spirit (around neck)
Wands
 h - a wand of flame (12/48)
Scrolls
 f - a scroll of enchant weapon {unknown}
 i - a scroll of teleportation
 m - 3 scrolls of remove curse
 n - 2 scrolls of noise
 p - 2 scrolls of recharging
 t - a scroll of enchant armour {unknown}
Potions
 a - a potion of lignification {unknown}
 e - a potion of agility {unknown}
 j - a potion of degeneration {unknown}
 o - 2 potions of haste
 q - 2 potions of brilliance {unknown}
 r - 2 potions of invisibility {unknown}
 z - 2 potions of curing {unknown}
 C - a potion of heal wounds {unknown}
 D - 2 potions of might {unknown}
 F - a potion of cancellation {unknown}
Comestibles
 b - a beef jerky
 c - 3 bread rations
 d - 2 meat rations
 E - 2 chunks of flesh


   Skills:
 - Level 7.5 Fighting
 + Level 6.8 Maces & Flails
 - Level 6.9 Throwing
 + Level 6.8 Dodging
 - Level 1.2 Evocations


You had 8 spell levels left.
You didn't know any spells.

Dungeon Overview and Level Annotations

Branches:
Dungeon (7/15)
 Temple: D:4-7

Altars:
Elyvilon
Makhleb
Nemelex Xobeh
Pakellas
Sif Muna
Trog
Yredelemnul

Shops:
D:2 }   D:4 %


Innate Abilities, Weirdness & Mutations

You are too large for most types of armour.
You have tough skin (AC +1).


Message History

* * * LOW HITPOINT WARNING * * *
You feel sick. The killer bee stings you.
* * * LOW HITPOINT WARNING * * *
The killer bee misses you. The killer bee closely misses you.
You miss the killer bee.
* * * LOW HITPOINT WARNING * * *
You feel sick. The killer bee barely misses you. x3
You closely miss the killer bee.
* * * LOW HITPOINT WARNING * * *
You feel sick. The killer bee closely misses you. The killer bee misses you.
The killer bee closely misses you.
* * * LOW HITPOINT WARNING * * *
You feel sick. The killer bee barely misses you.
You miss the killer bee.
* * * LOW HITPOINT WARNING * * *
You feel sick. The killer bee stings you.
* * * LOW HITPOINT WARNING * * *
You are more poisoned.
The killer bee poisons you! The killer bee stings you!
You die...

..........# #......# #
..........##########......# #
..................##......#
#####
..................####'##.#
#.... ##'######.........# #.##.#
#.### #...# #.........# #.##.#
#.# #...# #.........####.##.#
#.# #...#
#.........+..#.##.###.# #...#
#......y@.##.#.#...##.# #...#
#..(.........#.#......# #...#
#..........#.#.#..#####
#...#####..........#.#.#.....#
#......#########'#.###..#.##.###
#..............#.#.........#...#
####...........#.######....###.#
## #..........<#.#######...###.#
.#####.#######.#.#.............#


You could see a killer bee.

Vanquished Creatures
  An ice beast (D:6)
  A black bear (D:6)
  A sky beast (D:5)
  3 phantoms
  5 ogres
  3 giant frogs
  A water moccasin zombie (D:5)
  2 scorpions
  A killer bee (D:5)
  A jelly (D:5)
  A quasit (D:5)
  2 hounds (D:6)
  6 orc wizards
  3 orc priests (D:4)
  A giant frog skeleton (D:4)
  3 worker ants
  A worker ant zombie (D:5)
  3 gnolls (D:3)
  6 adders
  A shadow imp (D:6)
  4 worms
  2 dart slugs
  7 giant geckos
  35 orcs
  10 giant cockroaches
  8 goblins
  9 hobgoblins
  23 jackals
  6 quokkas
  2 ball pythons
  A ball python skeleton (D:5)
  7 bats
  A giant gecko zombie (D:6)
  2 giant newts
  6 kobolds
  8 rats
177 creatures vanquished.

Notes
Turn   | Place    | Note
--------------------------------------------------------------
     0 | D:1      | Kilingo the Ogre Berserker began the quest for the Orb.
     0 | D:1      | Reached XP level 1. HP: 24/24 MP: 1/1
   275 | D:1      | Reached XP level 2. HP: 24/32 MP: 2/2
   432 | D:1      | Reached skill level 1 in Throwing
   892 | D:1      | Reached ** piety under Trog
   892 | D:1      | Reached XP level 3. HP: 39/39 MP: 3/3
  1915 | D:2      | Reached XP level 4. HP: 23/48 MP: 4/4
  2168 | D:2      | Found an oddly glowing altar of Pakellas.
  2168 | D:2      | Found Pakellas's Prime Provisions.
  2521 | D:3      | Reached *** piety under Trog
  2925 | D:3      | Reached XP level 5. HP: 54/54 MP: 5/5
  3322 | D:3      | Reached XP level 6. HP: 43/62 MP: 6/6
  4090 | D:4      | Found a burning altar of Makhleb.
  4090 | D:4      | Noticed a blizzard demon
  4199 | D:4      | Found a basalt altar of Yredelemnul.
  4266 | D:4      | Reached **** piety under Trog
  4390 | D:4      | Reached XP level 7. HP: 64/71 MP: 7/7
  4481 | D:4      | Found an oddly glowing altar of Pakellas.
  4490 | D:4      | Found a sparkling altar of Nemelex Xobeh.
  4490 | D:4      | Found a white marble altar of Elyvilon.
  4492 | D:4      | Found a deep blue altar of Sif Muna.
  4493 | D:4      | Found a bloodstained altar of Trog.
  4758 | D:4      | Reached skill level 5 in Maces & Flails
  4961 | D:4      | Reached skill level 5 in Throwing
  4961 | D:4      | Reached skill level 5 in Dodging
  4979 | D:4      | Found Dieconoj's Food Boutique.
  5036 | D:4      | Reached skill level 5 in Fighting
  5232 | D:5      | Entered Level 5 of the Dungeon
  5341 | D:5      | Reached XP level 8. HP: 68/80 MP: 8/8
  5877 | D:5      | Reached skill level 6 in Fighting
  6392 | D:6      | Found a basalt altar of Yredelemnul.
  6634 | D:6      | Reached XP level 9. HP: 37/92 MP: 9/9
  6672 | D:6      | Reached skill level 7 in Fighting
  6952 | D:6      | Received a gift from Trog
  7077 | D:6      | Reached skill level 1 in Evocations
  7240 | D:5      | HP: 4/93 [poisoned by a killer bee]
  7242 | D:5      | HP: 1/93 [killer bee (1)]
  7242 | D:5      | Slain by a killer bee

Vault maps used:
D:1:      dpeg_arrival_yet_another_circle, feat_on_display
D:2:      johnstein_pakellas_shop
D:3:      minmay_door_path, minivault_26
D:4:      grunt_temple_overflow_open, makhleb_altar_promises_db, serial_shops,
          shop
D:5:      first_bread, roderic_lattice_a
D:6:      hex_tiny, yredelemnul_altar_generic
D:7:      nicolae_dithmenos_shadow_blocks, minmay_temple_entry_glass

Skill      XL: |  1  2  3  4  5  6  7  8  9 |
---------------+----------------------------+-----
Dodging        | 3 4 5 6 |  6.8
Throwing       | 1 2 3 4 5 6 |  6.9
Maces & Flails | 5 6 |  6.8
Fighting       | 5 6 7 |  7.5
Evocations     | 1 |  1.2

Action                   |  1- 3 |  4- 6 |  7- 9 || total
-------------------------+-------+-------+-------++-------
Melee: Mace              |    96 |    83 |       ||   179
       Morningstar       |       |   162 |   151 ||   313
       Giant spiked club |       |       |    10 ||    10
Throw: Stone             |    75 |   101 |   107 ||   283
       Large rock        |       |     1 |    49 ||    50
       Tomahawk          |       |       |     6 ||     6
Invok: Berserk           |       |     1 |     1 ||     2
       Trog's Hand       |       |     2 |     3 ||     5
Evoke: Wand              |       |       |     3 ||     3
  Use: Scroll            |       |     4 |     5 ||     9
       Potion            |       |     1 |     1 ||     2
 Stab: Sleeping          |       |     1 |       ||     1
  Eat: Chunk             |     3 |     8 |     7 ||    18
       Bread ration      |       |     1 |     1 ||     2
